 Dungeon Crawl Stone Soup version 0.25.1-8-g42b30a86e7 (webtiles) character file.

Game seed: 8314648304070364931

23009 Gabide the Ripper (level 12, -4/58 HPs)
             Began as a Felid Berserker on Dec 3, 2020.
             Was an Elder of Trog.
             Slain by a porcupine (6 damage)
             ... on level 2 of the Lair of Beasts.
             The game lasted 01:18:56 (21101 turns).

Gabide the Ripper (Felid Berserker)                Turns: 21101, Time: 01:18:57

Health: -4/58      AC:  3    Str: 13    XL:     12   Next: 68%
Magic:  0/14       EV: 30    Int:  9    God:    Trog [****..]
Gold:   984        SH:  0    Dex: 22    Spells: 11/11 levels left
                                        Lives:  0   Deaths: 4

rFire    . . .     SeeInvis +     - Unarmed
rCold    + . .     Gourm    .   (shield unavailable)
rNeg     . . .     Faith    .   (armour unavailable)
rPois    +         Spirit   +   (helmet unavailable)
rElec    .         Reflect  .   (cloak unavailable)
rCorr    .         Harm     .   (gloves unavailable)
MR       +++++                  (boots unavailable)
Stlth    +++++.....             c - amulet of guardian spirit
HPRegen  1.19/turn              p - ring of Wishful Thinking {rPois MR++ Str-4 Dex+6}
MPRegen  0.14/turn              (no ring)

@: lethally poisoned (-4 -> -4), berserk cooldown, regenerating, slowed, slow
A: very small, no armour, no weapons or thrown items, stealth, claws 1, fangs 3,
see invisible, carnivore, speed 1, shaggy fur 3, slow metabolism 1, sharp paws
a: Berserk, Trog's Hand, Brothers in Arms, Renounce Religion


You were on level 2 of the Lair of Beasts.
You worshipped Trog.
Trog was greatly pleased with you.
You were not hungry.

You visited 2 branches of the dungeon, and saw 17 of its levels.

You collected 984 gold pieces.

Inventory:

Jewellery
 c - an amulet of guardian spirit (around neck)
 p - the ring of Wishful Thinking (left paw) {rPois MR++ Str-4 Dex+6}
   (You found it on level 10 of the Dungeon)

   [ring of poison resistance]

   It affects your strength (-4).
   It affects your dexterity (+6).
   It protects you from poison.
   It affects your resistance to hostile enchantments.
 w - an uncursed amulet of regeneration
Wands
 h - a wand of iceblast (8)
 k - a wand of polymorph (13)
 t - a wand of enslavement (18)
 u - a wand of random effects (13)
Scrolls
 b - a scroll of fear
 e - a scroll of blinking
 f - a scroll of identify
 i - a scroll of teleportation
 j - 11 scrolls of remove curse
 m - a scroll of silence
Potions
 d - 4 potions of flight
 n - a potion of magic
 o - a potion of stabbing
 r - 2 potions of mutation
Miscellaneous
 s - a phial of floods (inert)
Comestibles
 a - 34 rations


   Skills:
 * Level 9.9 Fighting
 + Level 11.8 Dodging
 + Level 10.6 Stealth
 * Level 19.2 Unarmed Combat
 + Level 2.6 Evocations


You had 11 spell levels left.
You didn't know any spells.
Your spell library was empty.

Dungeon Overview and Level Annotations

Branches:
Dungeon (15/15)            Temple (0/1) D:6            Lair (2/6) D:10
    Orc (0/2) D:9          Vaults (0/5) D:13         Depths (0/5) D:15
  Swamp: Lair:2-4    Shoals: Lair:2-4     Snake: Lair:2-4    Spider: Lair:2-4

Altars:
Cheibriados
Dithmenos
Fedhas
Hepliaklqana
Kikubaaqudgha
Qazlal
Ru
Trog
Vehumet
The Shining One
Beogh

Shops:
D:5 }   D:8 :   D:14 *:

Annotations:
D:15 Louise


Innate Abilities, Weirdness & Mutations

You cannot wear armour.
You are incapable of wielding weapons or throwing items.
Your paws allow you to move quietly. (Stealth)
You have sharp claws.
You have razor-sharp teeth.
You have supernaturally acute eyesight. (SInv)
You are carnivorous and can eat meat at any time.
You cover ground quickly.
Your thick and shaggy fur keeps you warm. (AC +3, rC+)
You have a slow metabolism.
Your sharp claws are effective at attacking unaware monsters.


Message History

* * * LOW HITPOINT WARNING * * *
The porcupine completely misses you.
Okay, then.
Okay, then.
Your skin crawls.
You feel resistant to hostile enchantments.
You feel somewhat more hungry. The blink frog closely misses you.
The porcupine closely misses you. The blink frog completely misses you.
Unknown command.
You scratch the blink frog. You claw the blink frog!
The blink frog is heavily wounded.
You feel sick. The porcupine closely misses you. The blink frog hits you.
* * * LOW HITPOINT WARNING * * *
The blink frog blinks!
The blink frog hits you!
* * * LOW HITPOINT WARNING * * *
The porcupine completely misses you.
You claw the porcupine!
The porcupine is severely wounded.
The blink frog blinks!
The porcupine bites you!
You die...

...F.(.......................#
.............................#
......###....###P............##
......###.#...###.............#
.............................##
.............................#
.............................#
......†...F..#.##r..P#..#.##.#
...............§@§..........>#
####.#P.##..#.####P..#.##P####
######.#.### ####.## ## #####
###


You could see a blink frog and a porcupine.

Vanquished Creatures
  Kirke (D:15)
  4 hydras (Lair:1)
  A catoblepas (D:13)
  A vault guard (D:13)
  Harold (D:10)
  4 two-headed ogres
  5 centaur warriors
  6 hell knights (D:15)
  Urug (D:10)
  A deep elf knight (D:15)
  2 unseen horrors
  Pikel (D:6)
  2 necromancers (D:15)
  An orc knight (D:15)
  2 deep elf magi
  3 manticores
  3 cyclopes
  3 ugly things
  A black mamba (shapeshifter) (D:14)
  Joseph (D:7)
  A black mamba (Lair:2)
  3 centaur skeletons
  5 spiny frogs
  Maggie (D:7)
  A freezing wraith (D:15)
  4 komodo dragons
  3 trolls
  A hornet (D:12)
  9 blink frogs
  9 slime creatures
  Prince Ribbit (D:5)
  7 hippogriffs
  A vampire (D:14)
  3 wraiths
  A shadow (D:13)
  7 wyverns
  14 yaks
  5 basilisks
  Grum (D:10)
  A hungry ghost (D:14)
  2 soldier ants (shapeshifter)
  An acid dragon (D:11)
  7 hell hounds (D:15)
  7 water moccasins
  11 porcupines
  12 orc warriors
  A swamp drake (D:10)
  A hornet zombie (D:15)
  A black bear (D:6)
  2 sky beasts
  2 eyes of draining
  2 ice beasts
  3 necrophages
  3 wolves (D:10)
  A boggart (D:13)
  4 ogres
  17 centaurs
  A phantom (D:9)
  5 crocodiles
  The ghost of grovkorv the Vandal, an amateur HaTm (D:3)
  15 bullfrogs
  An earth elemental (D:14)
  2 wyvern zombies
  A water moccasin zombie (D:7)
  A hornet simulacrum (D:15)
  4 scorpions
  8 killer bees
  3 wights (D:7)
  8 howler monkeys
  9 crimson imps
  2 centaur zombies
  A quasit (D:15)
  Crazy Yiuf (D:6)
  9 hounds
  16 orc wizards
  A gnoll shaman (D:5)
  22 orc priests
  4 jellies
  3 bullfrog skeletons
  4 iguanas
  11 worker ants
  A hound zombie (D:5)
  2 hound skeletons
  3 worker ant zombies
  12 gnolls
  9 adders
  An adder skeleton (D:7)
  4 worms
  A dart slug (D:1)
  3 leopard geckos
  68 orcs
  2 giant cockroaches
  9 goblins
  5 hobgoblins
  14 jackals
  5 kobolds
  2 quokkas (D:4)
  9 bats
  6 frilled lizards
  A jackal skeleton (D:5)
  5 rats
494 creatures vanquished.

Vanquished Creatures (collateral kills)
  A yaktaur captain (D:15)
  2 vault guards (D:13)
  A hydra (D:15)
  A two-headed ogre (D:15)
  A deep elf mage (D:15)
  A blink frog (Lair:2)
  A wyvern (D:13)
  An ice beast (D:13)
  A centaur (D:13)
  2 orcs (D:13)
12 creatures vanquished.

Vanquished Creatures (others)
  An ugly thing (D:14)
  3 humans (D:15)
  A slave (D:6)
  A black bear (D:6)
  An ogre (D:6)
  2 gnolls (D:6)
  An orc (D:5)
  2 fungi (Lair:1)
  2 plants (Lair:1)
14 creatures vanquished.

Grand Total: 520 creatures vanquished

Notes
Turn   | Place    | Note
-------+----------+-------------------------------------------
     0 | D:1      | Gabide the Felid Berserker began the quest for the Orb.
     0 | D:1      | Reached XP level 1. HP: 10/10 MP: 2/2
   372 | D:1      | Reached XP level 2. HP: 14/14 MP: 3/3
  1175 | D:2      | Noticed an ogre
  1263 | D:2      | Found a snail-covered altar of Cheibriados.
  1325 | D:2      | Reached XP level 3. HP: 11/17 MP: 4/4
  1513 | D:2      | Reached skill level 1 in Stealth
  1792 | D:2      | Reached ** piety under Trog
  1873 | D:2      | Reached XP level 4. HP: 14/21 MP: 5/5
  1900 | D:2      | Reached skill level 4 in Unarmed Combat
  2115 | D:2      | Slain by an ogre
  2116 | D:2      | Reached XP level 3. HP: -5/17 MP: 4/4
  2370 | D:3      | Reached skill level 5 in Dodging
  2405 | D:3      | Reached XP level 4. HP: 19/21 MP: 5/5
  2568 | D:3      | Reached skill level 5 in Unarmed Combat
  2568 | D:3      | Reached XP level 5. HP: 24/24 MP: 6/6
  2735 | D:3      | Reached *** piety under Trog
  2876 | D:3      | Noticed a necrophage
  2890 | D:3      | Killed a necrophage
  2890 | D:3      | Gained mutation: You are covered in thick fur. (AC +2)
                  | [Felid growth]
  2890 | D:3      | Reached XP level 6. HP: 21/26 MP: 7/7
  3061 | D:3      | Found a runed translucent door.
  3062 | D:3      | Noticed grovkorv's ghost (amateur HaTm)
  3079 | D:3      | Killed grovkorv's ghost
  3079 | D:3      | Reached skill level 6 in Unarmed Combat
  3327 | D:4      | Reached XP level 7. HP: 22/29 MP: 8/8
  3650 | D:4      | Reached skill level 7 in Unarmed Combat
  3752 | D:4      | Found a stormy altar of Qazlal.
  3855 | D:5      | Entered Level 5 of the Dungeon
  3855 | D:5      | Noticed Prince Ribbit
  3974 | D:5      | Killed Prince Ribbit
  3974 | D:5      | Reached skill level 8 in Unarmed Combat
  3974 | D:5      | Reached XP level 8. HP: 34/34 MP: 9/9
  4191 | D:5      | Found Kuomi's Gadget Shop.
  4195 | D:5      | Found a glowing golden altar of the Shining One.
  4196 | D:5      | Found a radiant altar of Vehumet.
  4199 | D:5      | Found a hazy altar of Hepliaklqana.
  4351 | D:5      | Reached skill level 9 in Unarmed Combat
  4995 | D:5      | Found a blossoming altar of Fedhas.
  4998 | D:5      | Found an ancient bone altar of Kikubaaqudgha.
  5001 | D:5      | Found a sacrificial altar of Ru.
  5275 | D:6      | Noticed Pikel
  5287 | D:6      | Killed Pikel
  5287 | D:6      | Reached skill level 10 in Unarmed Combat
  5287 | D:6      | Reached XP level 9. HP: 28/38 MP: 10/10
  5358 | D:6      | Found a bloodstained altar of Trog.
  5562 | D:6      | Found a staircase to the Ecumenical Temple.
  5603 | D:6      | Found a runed translucent door.
  5604 | D:6      | Noticed Crazy Yiuf
  5933 | D:6      | Killed Crazy Yiuf
  6066 | D:7      | Reached skill level 5 in Fighting
  6150 | D:7      | Noticed Joseph
  6178 | D:7      | Killed Joseph
  6348 | D:7      | Reached skill level 11 in Unarmed Combat
  6468 | D:7      | Reached **** piety under Trog
  6583 | D:7      | Found a flagged portal.
  6694 | D:7      | HP: 3/60 [orc warrior/+0 glaive of protection (18)]
  6823 | D:7      | Noticed Maggie
  6830 | D:7      | Killed Maggie
  6857 | D:7      | Reached skill level 12 in Unarmed Combat
  7278 | D:8      | Killed from afar by an orc wizard
  7279 | D:8      | Reached XP level 8. HP: -1/37 MP: 9/9
  7308 | D:8      | Reached XP level 9. HP: 37/40 MP: 10/10
  7479 | D:8      | Reached skill level 5 in Stealth
  7578 | D:8      | Noticed a troll
  7588 | D:8      | Killed a troll
  7696 | D:8      | Found Pecveir's Book Shoppe.
  8229 | D:9      | Reached skill level 13 in Unarmed Combat
  8451 | D:9      | Reached XP level 10. HP: 41/43 MP: 8/11
  9405 | D:9      | Found a staircase to the Orcish Mines.
  9420 | D:9      | Found a roughly hewn altar of Beogh.
  9723 | D:10     | Entered Level 10 of the Dungeon
  9777 | D:10     | Noticed Grum
  9786 | D:10     | Killed Grum
 10055 | D:10     | Reached skill level 14 in Unarmed Combat
 10246 | D:10     | Noticed Harold
 10261 | D:10     | Killed Harold
 10270 | D:10     | Noticed Urug
 10276 | D:10     | Reached XP level 11. HP: 45/46 MP: 7/12
 10277 | D:10     | Reached ***** piety under Trog
 10305 | D:10     | Noticed a two-headed ogre
 10317 | D:10     | HP: 2/46 [Urug/silver javelin (5)]
 10760 | D:10     | Killed a two-headed ogre
 11017 | D:10     | Got a flickering marble ring
 11018 | D:10     | Identified the ring of Wishful Thinking {rPois MR++ Str-4
                  | Dex+6} (You found it on level 10 of the Dungeon)
 11120 | D:10     | Found a staircase to the Lair.
 11275 | D:11     | Reached skill level 15 in Unarmed Combat
 11323 | D:11     | Noticed a centaur warrior
 11335 | D:11     | Killed a centaur warrior
 11530 | D:11     | Noticed a two-headed ogre
 11726 | D:11     | Killed a two-headed ogre
 11864 | D:11     | Noticed a red ugly thing
 11872 | D:11     | Killed a red ugly thing
 12019 | D:11     | Noticed a two-headed ogre
 12460 | D:11     | Killed a two-headed ogre
 12607 | D:12     | Reached skill level 10 in Dodging
 12722 | D:12     | Gained mutation: Your thick and shaggy fur keeps you warm.
                  | (AC +3, rC+) [Felid growth]
 12722 | D:12     | Reached XP level 12. HP: 55/55 MP: 13/13
 13113 | D:12     | Reached skill level 16 in Unarmed Combat
 13903 | D:13     | Found a gate to the Vaults.
 13903 | D:13     | Noticed a vault guard
 13903 | D:13     | Noticed a vault guard
 13903 | D:13     | Noticed a vault guard
 13904 | D:13     | Noticed a vault guard
 14277 | D:13     | Killed a vault guard
 14500 | D:13     | Killed a vault guard
 14579 | D:13     | Killed a vault guard
 14593 | D:13     | Noticed a two-headed ogre
 14790 | D:13     | Noticed a catoblepas
 14790 | D:13     | a vault guard changed into a catoblepas
 14805 | D:13     | Killed a catoblepas
 15143 | D:14     | Found Vacusaff's Pet Rocks.
 15179 | D:14     | Reached skill level 1 in Evocations
 15201 | D:14     | Reached skill level 17 in Unarmed Combat
 15380 | D:14     | Noticed a centaur warrior
 15387 | D:14     | Killed a centaur warrior
 15627 | D:14     | Found Enly's Book Boutique.
 15799 | D:15     | Entered Level 15 of the Dungeon
 15833 | D:15     | Noticed Kirke
 15842 | D:15     | Noticed a five-headed hydra
 15849 | D:15     | Killed Kirke
 16132 | D:15     | Noticed a yaktaur captain
 16429 | D:14     | Noticed a centaur warrior
 16457 | D:14     | Killed a centaur warrior
 16457 | D:14     | Reached XP level 13. HP: 60/60 MP: 15/15
 17130 | D:15     | Reached skill level 10 in Stealth
 17137 | D:15     | Reached skill level 18 in Unarmed Combat
 17279 | D:15     | Found a staircase to the Depths.
 17793 | D:15     | HP: 2/60 [hell hound/blast of flame (14)]
 18345 | D:15     | Found a shadowy altar of Dithmenos.
 18348 | D:15     | Noticed Louise
 18390 | D:15     | Killed from afar by Louise
 18391 | D:15     | Reached XP level 12. HP: -12/57 MP: 0/14
 18959 | D:10     | Killed Urug
 19044 | Lair:1   | Entered Level 1 of the Lair of Beasts
 19044 | Lair:1   | Found a gate leading to a gauntlet.
 19044 | Lair:1   | Noticed a seven-headed hydra
 19055 | Lair:1   | Killed a seven-headed hydra
 19055 | Lair:1   | Reached XP level 13. HP: 60/60 MP: 13/15
 19847 | Lair:1   | Slain by a seven-headed hydra
 19848 | Lair:1   | Reached XP level 12. HP: 0/87 MP: 0/14
 20111 | Lair:1   | Killed a seven-headed hydra
 20365 | Lair:1   | Reached skill level 19 in Unarmed Combat
 20401 | Lair:1   | Noticed an eight-headed hydra
 20411 | Lair:1   | Killed an eight-headed hydra
 20625 | Lair:2   | Noticed a four-headed hydra
 21100 | Lair:2   | HP: 1/58 [blink frog (9)]
 21101 | Lair:2   | Slain by a porcupine

Illustrated notes

Levels and vault maps discovered:
D:1:      wander_arrival_peaceful_grave, layout_basic, minmay_misc_feat_columns
D:2:      layout_basic, cheibriados_altar_1, first_ration, hex_tiny
D:3:      layout_rooms, gammafunk_ghost_grave, minmay_box_of_dots
D:4:      minmay_chambers_of_threes, layout_rooms,
          nicolae_qazlal_general_emergency
D:5:      layout_layer_cave, chequers_temple_overflow_statue_of_worship,
          grunt_temple_overflow_diamond, serial_shops, shop_fountains,
          uniq_prince_ribbit1
D:6:      layout_loops_ring, trog_ov_bears_minmay,
          minmay_temple_entry_junction_2, uniq_pikel, uniq_crazy_yiuf_cottage
D:7:      layout_basic, enter_bailey_6, hangedman_decor_growths, uniq_joseph,
          uniq_maggie
D:8:      layout_gridville, serial_shops, shop_statue
D:9:      layout_basic, minmay_orc_entry_temple_small
D:10:     layout_rooms, erik_lair_dragon, uniq_harold, uniq_urug, uniq_grum
D:11:     layout_gridville
D:12:     layout_stronghold, grunt_ogre_cave
D:13:     layout_rooms, lightli_vaults_fourway_checkpoint
D:14:     layout_loops_ring, serial_shops, shop, kennysheep_flooded_box,
          guppyfry_shop_earth
D:15:     hangedman_depths_entry_civil_slaughter, layout_loops_corners,
          nicolae_dithmenos_shadow_blocks, minmay_rotating_lava, uniq_josephine,
          uniq_kirke, uniq_louise
Lair:1:   layout_misc_corridors, gauntlet_entry_generic, beast_lair_carwin_7,
          grunt_megastairs_5, infiniplex_staircase_pool_2
Lair:2:   layout_long_grid

Skill      XL: |  1  2  3  4  5  6  7  8  9 10 11 12 13 |
---------------+----------------------------------------+-----
Stealth        | 2 3 5 6 7 9 10 | 10.6
Unarmed Combat | 5 6 8 10 13 14 15 19 18 | 19.2
Dodging        | 5 6 7 8 9 10 11 | 11.8
Fighting       | 4 6 7 8 9 |  9.9
Evocations     | 1 2 |  2.6

Action                   |  1- 3 |  4- 6 |  7- 9 | 10-12 | 13-15 || total
-------------------------+-------+-------+-------+-------+-------++-------
Melee: Unarmed           |   120 |   153 |   329 |   674 |   242 ||  1518
       Bite              |     8 |     9 |    48 |    79 |    37 ||   181
       Punch             |     3 |     4 |    18 |    67 |    26 ||   118
Invok: Berserk           |     1 |     4 |    18 |    36 |    10 ||    69
       Trog's Hand       |     1 |     3 |     9 |    20 |     3 ||    36
       Brothers in Arms  |       |       |       |     5 |     2 ||     7
Evoke: Wand              |       |       |       |    17 |     2 ||    19
       Phial of floods   |       |       |       |     2 |     1 ||     3
  Use: Scroll            |     6 |     4 |    11 |    19 |     3 ||    43
       Potion            |     2 |     1 |     4 |    13 |     7 ||    27
 Stab: Sleeping          |     5 |     1 |    10 |    29 |    10 ||    55
       Distracted        |       |       |     1 |     9 |     3 ||    13
       Invisible         |       |       |       |     2 |       ||     2
  Eat: Chunk             |    10 |    14 |    34 |    50 |    25 ||   133
       Ration            |       |       |       |     1 |       ||     1
Armor: Skin              |     6 |    11 |     6 |    14 |     4 ||    41
Dodge: Dodged            |    94 |   188 |   276 |   589 |   225 ||  1372
